 Dungeon Crawl Stone Soup version 0.30-a0-1164-ge08a67761e (webtiles) character file.

Game seed: 11974985865240046865

35 Jeffwins the Charlatan (level 3, -5/27 HPs)
             Began as a Human Wanderer on Apr 29, 2023.
             Slain by Natasha (8 damage)
             ... on level 2 of the Dungeon.
             The game lasted 00:02:34 (1261 turns).

Jeffwins the Charlatan (Human Wanderer)             Turns: 1261, Time: 00:02:34

Health: -5/27      AC:  3    Str: 14    XL:     3   Next: 55%
Magic:  1/4        EV: 11    Int: 13    God:
Gold:   36         SH:  0    Dex: 11    Spells: 3/4 levels left

rFire   . . .        a - +2 dagger
rCold   . . .        (no shield)
rNeg    . . .        e - +0 leather armour
rPois   .            (no helmet)
rElec   .            (no cloak)
rCorr   .            (no gloves)
SInv    .            (no boots)
Will    .....        (no amulet)
Stlth   +            (no ring)
HPRegen 0.24/turn    (no ring)
MPRegen 0.09/turn

%: no passive effects
@: slowed, very slow
A: no striking features
a: no special abilities


You were on level 2 of the Dungeon.
You visited 1 branch of the dungeon, and saw 2 of its levels.

You collected 36 gold pieces.


   Skills:
 - Level 2.0 Fighting
 * Level 1.0 Short Blades
 + Level 2.2 Throwing
 - Level 1.0 Armour
 + Level 0.5 Stealth
 * Level 1.1 Spellcasting
 * Level 1.1 Conjurations
 * Level 1.7 Air Magic
 + Level 3.0 Evocations


You had 3 spell levels left.
You knew the following spells:

 Your Spells              Type           Power      Damage    Failure   Level
z - Shock                 Conj/Air       16%        1d4       19%         1

Your spell library contained the following spells:

 Spells                   Type           Power      Damage    Failure   Level
 Poisonous Vapours        Pois/Air       6%         N/A       34%         2
 Momentum Strike          Conj/Tloc      4%         3d8       38%         2
 Blink                    Tloc           0%         N/A       45%         2
 Lesser Beckoning         Tloc           0%         N/A       45%         2
 Mephitic Cloud           Conj/Pois/Air  3%         N/A       56%         3
 Vhi's Electric Charge    Tloc/Air       6%         N/A       56%         3
 Arcjolt                  Conj/Air       2%         1d12      99%         5
 Freezing Cloud           Conj/Ice/Air   1%         6-21      99%         5
 Maxwell's Capacitive Co  Air            2%         ∞         100%        8

Inventory:

Hand Weapons
 a - a +2 dagger (weapon)
Missiles
 b - a curare-tipped dart (quivered) {=f}
Armour
 e - a +0 leather armour (worn)
 l - the +0 chain mail "Enyqu" {rPois Dex+3 Slay+3 Stlth+}
   (You found it on level 2 of the Dungeon)

   Dex:       It affects your dexterity (+3).
   Slay:      It affects your accuracy & damage with ranged weapons and melee
   (+3).
   rPois:     It protects you from poison.
   Stlth:     It makes you more stealthy.
Wands
 c - a wand of polymorph (5)
Scrolls
 f - 3 scrolls of identify {unknown}
 g - a scroll of magic mapping {unknown}
 i - a scroll of fear {unknown}
 j - a scroll of vulnerability {unknown}
Potions
 d - 3 potions of haste {@q3}
 h - a potion of lignification {unknown}

Dungeon Overview and Level Annotations

Branches:
Dungeon (2/15)

Altars:
Sif Muna

Shops:
D:2 (

Annotations:
D:2 Natasha

###..#..#.## ###..#
#..##.#..#.## #..###
###..##.#..#.#####..#
#..#####.#[.#.##..###
###..#..##.#..#.##..#
#..###..†##.#..#..###
###..#†.#).##.#.....#
#..###5##..h##.#..### #
###..#..#..#§@##.#..# ##
#..###.##.##...##..##
.###..§'h.#..#..#..##.+
...##.######################
##.....55h.................#
....##############.#.#####.#
#. ....# ...#..####.#...
....# ....###.5........
....# ...... ###......#.


You could see Natasha (very poisoned, slow).


Message History

You throw a curare-tipped dart {=f}.
The curare-tipped dart {=f} closely misses the cerulean imp.
Natasha casts a spell at you. The magic dart hits you!
The cerulean imp hits you with a +2 spear.
* * * LOW HITPOINT WARNING * * *
Natasha casts a spell at you. The magic dart hits you!
* * * LOW HITPOINT WARNING * * *
Throw: 2 darts (curare) {=f}
Press: ? - help, Q - select action, (/) - cycle Shift-Dir - straight line, f - Natasha, p - cerulean imp
Aim: Natasha (moderately wounded, 50% to hit)
You throw a curare-tipped dart {=f}.
The curare-tipped dart {=f} hits Natasha.
Natasha is poisoned.
Natasha convulses.
Natasha seems to slow down.
Natasha is severely wounded.
The cerulean imp hits you with a +2 spear.
* * * LOW HITPOINT WARNING * * *
The cerulean imp hits you with a +2 spear.
* * * LOW HITPOINT WARNING * * *
Natasha claws you but does no damage.
You barely miss Natasha.
Natasha is severely wounded.
The cerulean imp disappears in a puff of smoke!
Unknown command.
Unknown command.
You barely miss Natasha.
Natasha is severely wounded.
Natasha claws you!
You die...

Skill      XL: |  1  2  3 |
---------------+----------+-----
Short Blades   | 1 |  1.0
Conjurations   | 1 |  1.1
Fighting       | |  2.0
Throwing       | |  2.2
Armour         | |  1.0
Stealth        | |  0.5
Spellcasting   | |  1.1
Air Magic      | |  1.7
Evocations     | |  3.0

Action                     || total
---------------------------++-------
  Melee: Dagger            ||   115
  Throw: Dart              ||     2
   Cast: Shock             ||     9
    Use: Potion            ||     2
 Armour: Leather armour    ||    26
  Dodge: Dodged            ||    71

Levels and vault maps discovered:
D:1:      matt_arrival_diagonals, layout_basic, dreamdust_ecumenical_altar_grove
D:2:      minmay_razor_zed, layout_basic, serial_shops, nicolae_shop_peninsula,
          basic_altar, uniq_natasha

Notes
Turn   | Place    | Note
-------+----------+-------------------------------------------
     0 | D:1      | Jeffwins the Human Wanderer began the quest for the Orb.
     0 | D:1      | Jeffwins set off with the following items: a +2 dagger, 3
                  | curare-tipped darts {=f}, a wand of polymorph (5), a potion
                  | of haste {@q3}, a +0 leather armour; and the following
                  | spell memorised: Shock; and the following spells available
                  | to memorise: Vhi's Electric Charge.
     0 | D:1      | Reached XP level 1. HP: 16/16 MP: 2/2
   218 | D:1      | Reached XP level 2. HP: 16/22 MP: 3/3
   392 | D:1      | Found a faded altar of an unknown god.
   574 | D:1      | Reached skill level 1 in Short Blades
   574 | D:1      | Reached XP level 3. HP: 23/27 MP: 4/4
   894 | D:2      | Reached skill level 1 in Conjurations
  1030 | D:2      | Found a shimmering blue altar of Sif Muna.
  1039 | D:2      | Identified the +0 chain mail "Enyqu" {rPois Dex+3 Slay+3
                  | Stlth+}
  1163 | D:2      | Found Werrukosa's Antique Weapon Shoppe.
  1193 | D:2      | Noticed Natasha
  1256 | D:2      | HP: 2/27 [cerulean imp/+2 spear[Natasha] (3)]
  1261 | D:2      | Slain by Natasha

Vanquished Creatures
  3 endoplasms
  3 goblins
  6 hobgoblins
  4 jackals
  2 quokkas (D:1)
  A ball python (D:1)
  3 bats
  4 frilled lizards
  3 kobolds (D:1)
  3 rats (D:1)
32 creatures vanquished.

Vanquished Creatures (others)
  A plant (D:1)
1 creature vanquished.

Grand Total: 33 creatures vanquished

Table legend: (Time is in decaauts)
 A = Elapsed time spent in this place.
 B = Non-inter-level travel time spent in this place.
 C = Inter-level travel time spent in this place.
 D = Time resting spent in this place.
 E = Time spent auto-exploring this place.
 F = Levels seen in this place.
 G = Mean time per level.
                   A        B        C        D        E       F      G
               +--------+--------+--------+--------+--------+-----+--------+
         Total |   1259 |   1254 |      5 |      0 |    957 |   2 |  629.5 |
       Dungeon |   1259 |   1254 |      5 |      0 |    957 |   2 |  629.5 |
               +--------+--------+--------+--------+--------+-----+--------+

Top non-repeatable levels by time:
     D:1: 834 daAuts
     D:2: 424 daAuts

Table legend:
 A = Non-vault XP
 B = Vault XP
 C = Vault XP percentage of total XP
 D = Non-vault monster count
 E = Vault monster count
 F = Vault count percentage of total count
                 A         B        C        D         E       F
            +---------+---------+-------+---------+---------+-------
      Total |      43 |       8 |  15.7 |      27 |       5 |  15.6
            +---------+---------+-------+---------+---------+-------
        D:1 |      37 |       0 |   0.0 |      23 |       0 |   0.0
        D:2 |       6 |       8 |  57.1 |       4 |       5 |  55.6
            +---------+---------+-------+---------+---------+-------
